Map: Catalyst LE

Players

ILIEKEGGPIE - Winner!

  • Race: Protoss Protoss
  • League: Platinum
  • Spawn Location: 5:00

chiter

  • Race: Protoss Protoss
  • League: Silver
  • Spawn Location: 11:00

VOD

Have the link to the VOD?

Description

Time

  • Played on: April 13, 2018, 9:41 a.m.
  • Length: 15:42
Show
View Real Time Build Order
Export as new Build Order

ILIEKEGGPIE Protoss - Winner!

Build Orders: Oracle Opening 

Get SALT Encoding   

  12  0:01  Probe  
  13  0:13  Probe  
  14  0:19  Pylon  
  14  0:25  Probe (Chrono Boost)  
  15  0:38  Probe (Chrono Boost)  
  15  0:40  Gateway  
  16  0:45  Probe (Chrono Boost)  
  16  0:49  Assimilator  
  17  0:54  Probe  
  18  1:04  Gateway  
  18  1:10  Probe  
  19  1:17  Pylon  
  19  1:22  Probe  
  20  1:25  Assimilator  
  20  1:35  Cybernetics Core  
  20  1:39  Probe  
  21  1:51  Probe (Chrono Boost)  
  22  2:03  Probe (Chrono Boost)  
  23  2:10  Probe (Chrono Boost)  
  23  2:13  Warp Gate  
  24  2:17  Stargate  
  24  2:29  Stalker  
  26  2:37  Stalker  
  28  2:55  Pylon  
  28  3:04  Oracle (Chrono Boost)  
  30  3:33  Oracle  
  33  3:42  Stalker  
  33  3:47  Pylon  
  35  3:56  Nexus  
  35  3:57  Pylon  
  35  4:40  Sentry  
  35  4:41  Gateway x2  
  37  5:06  Stalker x2  
  38  5:09  Gateway  
  38  5:10  Pylon  
  38  5:14  Probe (Chrono Boost)  
  38  5:15  Probe (Chrono Boost)  
  40  5:26  Probe (Chrono Boost)  
  40  5:27  Probe (Chrono Boost)  
  42  5:32  Sentry x2  
  42  5:34  Probe x2 (Chrono Boost)  
  48  5:41  Probe x2, Forge  
  49  5:43  Forge  
  50  5:57  Stalker x4  
  50  5:59  Probe x2  
  50  6:02  Assimilator  
  60  6:11  Robotics Facility, Probe  
  61  6:12  Pylon  
  61  6:19  Probe (Chrono Boost)  
  61  6:22  Assimilator  
  63  6:29  Probe (Chrono Boost)  
  63  6:30  Sentry x2, Probe (Chrono Boost)  
  63  6:31  Zealot  
  70  6:47  Stalker x2  
  74  6:59  Pylon  
  74  7:07  Sentry x2  
  78  7:18  Pylon  
  78  7:25  Protoss Ground Weapons Level 1 (Chrono Boost)  
  78  7:26  Observer (Chrono Boost), Protoss Ground Armor Level 1 (Chrono Boost)  
  72  8:02  Stalker  
  72  8:03  Stalker x4  
  80  8:11  Phoenix  
  82  8:28  Stalker  
  82  8:29  Stalker x2  
  82  8:30  Zealot x2  
  92  8:45  Probe x2  
  94  8:54  Phoenix  
  91  8:57  Probe  
  92  9:09  Probe (Chrono Boost)  
  94  9:13  Pylon  
  94  9:14  Pylon  
  94  9:15  Probe (Chrono Boost)  
  94  9:29  Pylon  
  94  9:31  Probe (Chrono Boost), Warp Prism  
  94  9:34  Probe (Chrono Boost)  
  98  9:44  Probe (Chrono Boost)  
  99  9:48  Probe (Chrono Boost)  
  99  9:50  Probe (Chrono Boost)  
  99  9:51  Stalker x2  
  67  10:55  Sentry x2  
  67  10:56  Stalker x2, Sentry  
  77  11:20  Stalker x3  
  77  11:34  Probe x2  
  79  11:46  Sentry x3, Probe  
  86  12:02  Probe x2  
  88  12:14  Probe  
  82  12:56  Probe x2  
  84  13:10  Immortal (Chrono Boost), Probe  
  89  13:27  Photon Cannon  
  89  13:28  Probe (Chrono Boost)  
  89  13:29  Shield Battery  
  89  13:32  Photon Cannon  
  89  13:33  Probe (Chrono Boost)  
  91  13:38  Probe (Chrono Boost)  
  93  13:42  Probe (Chrono Boost)  
  93  13:43  Probe (Chrono Boost)  
  86  14:16  Zealot  
  86  14:17  Zealot x3  
  84  14:18  Zealot  
  74  15:03  Stalker x2  
  74  15:06  Stalker  
  80  15:07  Stalker  
  78  15:25  Sentry  
Show
View Real Time Build Order
Export as new Build Order

chiter Protoss 

Build Orders: 1 Gate Expand 

Get SALT Encoding   

  12  0:02  Probe  
  14  0:18  Pylon  
  14  0:19  Probe  
  14  0:31  Probe  
  15  0:42  Gateway  
  15  0:45  Probe  
  16  0:52  Assimilator  
  16  0:57  Probe  
  17  1:10  Probe (Chrono Boost)  
  18  1:20  Probe (Chrono Boost)  
  18  1:25  Probe (Chrono Boost)  
  20  1:38  Nexus  
  20  1:51  Cybernetics Core  
  20  1:53  Probe  
  21  2:03  Gateway  
  21  2:06  Probe (Chrono Boost)  
  22  2:11  Assimilator  
  22  2:20  Probe (Chrono Boost)  
  23  2:22  Pylon  
  23  2:32  Warp Gate (Chrono Boost)  
  23  2:40  Stalker  
  25  2:47  Robotics Facility  
  25  2:51  Probe  
  26  2:59  Stalker  
  26  3:03  Probe  
  29  3:06  Probe  
  29  3:20  Gateway  
  29  3:34  Forge  
  29  3:35  Probe x2  
  29  3:39  Observer (Chrono Boost)  
  32  3:44  Observer  
  32  3:45  Pylon  
  32  3:47  Probe x2  
  34  3:52  Stalker  
  36  3:57  Observer  
  37  4:08  Probe  
  37  4:09  Probe  
  33  4:34  Stalker  
  33  4:35  Stalker x2  
  39  4:43  Probe  
  39  4:44  Probe  
  36  4:55  Probe  
  37  5:05  Photon Cannon  
  38  5:08  Observer, Probe (Chrono Boost)  
  38  5:12  Probe (Chrono Boost)  
  39  5:15  Pylon  
  39  5:18  Warp Prism  
  41  5:32  Stalker  
  41  5:34  Stalker  
  47  5:44  Shield Battery  
  47  5:45  Probe  
  41  6:01  Probe x2  
  43  6:13  Probe (Chrono Boost)  
  43  6:14  Probe (Chrono Boost)  
  45  6:24  Probe (Chrono Boost)  
  45  6:25  Adept x2  
  50  6:28  Probe (Chrono Boost)  
  51  6:34  Probe  
  52  6:46  Probe (Chrono Boost)  
  54  6:47  Probe (Chrono Boost)  
  54  6:56  Probe (Chrono Boost)  
  54  6:57  Probe (Chrono Boost)  
  54  6:59  Adept  
  54  7:00  Probe (Chrono Boost)  
  58  7:02  Adept  
  58  7:06  Probe  
  62  7:19  Pylon  
  62  7:32  Assimilator  
  62  7:35  Assimilator  
  62  7:37  Probe x2  
  64  7:49  Probe  
  65  8:04  Probe x2  
  65  8:07  Stalker  
  67  8:14  Pylon  
  67  8:15  Protoss Ground Weapons Level 1  
  67  8:16  Probe, Pylon  
  67  8:19  Probe, Pylon  
  69  8:20  Pylon  
  69  8:23  Pylon  
  69  8:28  Twilight Council  
  69  8:31  Probe  
  69  8:32  Immortal  
  74  8:36  Probe  
  75  8:43  Probe  
  76  9:05  Nexus  
  76  9:07  Probe  
  76  9:11  Immortal  
  80  9:26  Gateway x2  
  80  9:27  Gateway  
  80  9:29  Adept x3  
  80  9:30  Gateway  
  86  9:31  Gateway  
  61  10:23  Adept x3  
  63  10:30  Immortal  
  51  10:47  Adept x3  
  51  10:48  Adept x3  
  54  10:58  Adept  
  56  11:13  Sentry  
  47  11:18  Sentry  
  47  11:19  Sentry  
  47  11:21  Sentry  
  43  11:29  Adept  
  43  11:30  Adept x5  
  49  11:39  Sentry  
  49  11:50  Probe  
  50  12:01  Sentry x2  
  54  12:12  Adept x4  
  58  12:32  Probe  
  49  12:45  Probe  
  50  12:52  Immortal  
  50  12:57  Probe  
  49  13:14  Stalker x2  
  53  13:25  Sentry  
  53  13:26  Sentry x3  
  61  13:31  Immortal  
  61  13:32  Phoenix, Probe  
  66  13:54  Nexus  
  51  14:14  Stalker x3  
  51  14:15  Stalker x2  
  54  14:25  Probe  
  35  14:38  Stalker x2  
  35  14:39  Stalker  
  40  15:01  Zealot  
  40  15:02  Zealot x2  
  46  15:10  Assimilator, Probe  
  44  15:22  Probe  
Tags
 
Add a new tag
Caveats
  • Supply blocks, unpowered buildings, or Contaminate may cause inaccurate times.
  • Supply counts are checked every 10 seconds.